AAA
RENO RAILERS @ MEMPHIS RAILCATS
06/21/2060
 
TOP OF THE 1ST
Reno Railers batting - Pitching for Memphis Railcats : RHP Donovan Hicks
Pitching: RHP Donovan Hicks
Batting: RHB Braedon Pashikian 0-0: Called Strike
0-1: Called Strike
0-2: Foul Ball, location: 2F
0-2: Foul Ball, location: 2F
0-2: Ball
1-2: Ball
2-2: Fly out, F7 (Line Drive, 7D, EV 86.2 MPH)
Batting: LHB Waylon Spada 0-0: Called Strike
0-1: Ball
1-1: Ball
2-1: Ball
3-1: Base on Balls
Batting: RHB Harry Fischer 0-0: Ball
1-0: Ball
Wild Pitch!
Waylon Spada to second
2-0: Ball
3-0: Called Strike
3-1: Foul Ball, location: 2F
3-2: Ground out 6-3 (Groundball, 6, EV 91.9 MPH)
Waylon Spada to third
Batting: RHB Lucas Sampley 0-0: Called Strike
0-1: Foul Ball, location: 2F
0-2: Ball
Wild Pitch!
Waylon Spada scores
1-2: Foul Ball, location: 2F
1-2: Strikes out looking
Top of the 1st over - 1 run, 0 hits, 0 errors, 0 left on base; Reno 1 - Memphis 0
BOTTOM OF THE 1ST
Memphis Railcats batting - Pitching for Reno Railers : RHP Arthur Helman
Pitching: RHP Arthur Helman
Batting: RHB Deshazor Velasquez 0-0: Called Strike
0-1: Ball
1-1: Foul Ball, location: 2F
1-2: Foul Ball, location: 2F
1-2: Ball
2-2: Foul Ball, location: 2F
2-2: Ground out 6-3 (Groundball, 6, EV 84.4 MPH)
Batting: RHB Tai de Bruijn 0-0: Called Strike
0-1: Ball
1-1: Ball
2-1: Called Strike
2-2: Strikes out looking
Batting: RHB Joey Wilburn 0-0: Swinging Strike
0-1: Foul Ball, location: 2F
0-2: Ball
1-2: Foul Ball, location: 2F
1-2: Ball
2-2: Foul Ball, location: 2F
2-2: SINGLE (Groundball, 34D, EV 105.0 MPH)
Batting: SHB Darren Lane 0-0: Ball
1-0: Called Strike
1-1: DOUBLE (Line Drive, 7LS, EV 115.0 MPH)
Joey Wilburn to third
Batting: RHB Chandler Bowen 0-0: Foul Ball, location: 2F
0-1: Foul Ball, location: 2F
0-2: Ball
1-2: Ground out 5-3 (Groundball, 5, EV 85.6 MPH)
Bottom of the 1st over - 0 runs, 2 hits, 0 errors, 2 left on base; Reno 1 - Memphis 0
TOP OF THE 2ND
Reno Railers batting - Pitching for Memphis Railcats : RHP Donovan Hicks
Batting: RHB Sol Djojohadiksumo 0-0: Fly out, F8 (Line Drive, 8LM, EV 85.6 MPH)
Batting: SHB Ke'Ron Nicolescu 0-0: Called Strike
0-1: Fly out, F9 (Flyball, 9LS, EV 79.4 MPH)
Batting: RHB Charlie Wood 0-0: Ball
1-0: Ball
2-0: Ball
3-0: Base on Balls
Batting: LHB Jon Dutton Pickoff Throw to First - Out! 1-3
Top of the 2nd over - 0 runs, 0 hits, 0 errors, 0 left on base; Reno 1 - Memphis 0
BOTTOM OF THE 2ND
Memphis Railcats batting - Pitching for Reno Railers : RHP Arthur Helman
Batting: RHB Vinny Wetherington 0-0: Foul Ball, location: 2F
0-1: Ball
1-1: Ball
2-1: Ball
3-1: Fly out, F3 (Popup, 3SF, EV 69.4 MPH)
Batting: RHB Shane Campbell 0-0: Swinging Strike
0-1: Called Strike
0-2: SINGLE (Line Drive, 8RS, EV 110.6 MPH)
Batting: RHB Ashby Ellis 0-0: Ground out 4-3 (Groundball, 4S, EV 65.6 MPH)
Shane Campbell to second
Batting: RHB Theodore Ross 0-0: Swinging Strike
0-1: Called Strike
0-2: Ball
1-2: Strikes out swinging
Bottom of the 2nd over - 0 runs, 1 hit, 0 errors, 1 left on base; Reno 1 - Memphis 0
TOP OF THE 3RD
Reno Railers batting - Pitching for Memphis Railcats : RHP Donovan Hicks
Batting: LHB Jon Dutton 0-0: Ground out 6-3 (Groundball, 56, EV 105.6 MPH)
Batting: RHB Marcus Ross 0-0: Foul Ball, location: 2F
0-1: Foul Ball, location: 2F
0-2: Strikes out swinging
Batting: RHB Braedon Pashikian 0-0: Called Strike
0-1: SINGLE (Groundball, 4MD, EV 101.9 MPH)
Batting: LHB Waylon Spada 0-0: Called Strike
Braedon Pashikian steals 2nd base
0-1: Ball
1-1: Ball
2-1: Foul Ball, location: 2F
2-2: Ground out 4-3 (Groundball, 4, EV 103.1 MPH)
Top of the 3rd over - 0 runs, 1 hit, 0 errors, 1 left on base; Reno 1 - Memphis 0
BOTTOM OF THE 3RD
Memphis Railcats batting - Pitching for Reno Railers : RHP Arthur Helman
Batting: RHB Deshazor Velasquez 0-0: Fly out, F7 (Line Drive, 78D, EV 95.6 MPH)
Batting: RHB Tai de Bruijn 0-0: Foul Ball, location: 2F
0-1: Called Strike
0-2: Ground out 5-3 (Groundball, 5S, EV 90.0 MPH)
Batting: RHB Joey Wilburn 0-0: Ball
1-0: SINGLE (Groundball, 6D, EV 96.2 MPH)
Batting: SHB Darren Lane 0-0: Called Strike
0-1: DOUBLE (Flyball, 8RXD, EV 101.2 MPH)
Joey Wilburn to third
Runner from 3rd tries for Home, SAFE, throw by CF to home
Batting: RHB Chandler Bowen 0-0: Ball
1-0: Foul Ball, location: 2F
1-1: Called Strike
1-2: DOUBLE (Flyball, 8LXD, EV 99.4 MPH)
Darren Lane scores
Batting: RHB Vinny Wetherington 0-0: Ball
1-0: Ball
2-0: Foul Ball, location: 2F
2-1: Fly out, F7 (Flyball, 78S, EV 86.9 MPH)
Bottom of the 3rd over - 2 runs, 3 hits, 0 errors, 1 left on base; Reno 1 - Memphis 2
TOP OF THE 4TH
Reno Railers batting - Pitching for Memphis Railcats : RHP Donovan Hicks
Batting: RHB Harry Fischer 0-0: Ball
1-0: Ball
2-0: Ball
3-0: Called Strike
3-1: Base on Balls
Batting: RHB Lucas Sampley 0-0: Ball
1-0: Called Strike
1-1: Swinging Strike
1-2: Strikes out swinging
Batting: RHB Sol Djojohadiksumo 0-0: Called Strike
0-1: Ball
1-1: Called Strike
1-2: Foul Ball, location: 2F
1-2: Strikes out swinging
Batting: SHB Ke'Ron Nicolescu 0-0: Called Strike
0-1: Called Strike
0-2: Strikes out looking
Top of the 4th over - 0 runs, 0 hits, 0 errors, 1 left on base; Reno 1 - Memphis 2
BOTTOM OF THE 4TH
Memphis Railcats batting - Pitching for Reno Railers : RHP Arthur Helman
Batting: RHB Shane Campbell 0-0: Called Strike
0-1: Called Strike
0-2: Ball
1-2: Ball
2-2: Foul Ball, location: 2F
2-2: Foul Ball, location: 2F
2-2: Ball
3-2: Fly out, F7 (Flyball, 7, EV 96.9 MPH)
Batting: RHB Ashby Ellis 0-0: Ball
1-0: Ground out 3-1 (Groundball, 34S, EV 71.2 MPH)
Batting: RHB Theodore Ross 0-0: Called Strike
0-1: Ball
1-1: Ball
2-1: Called Strike
2-2: Ball
3-2: Base on Balls
Batting: RHB Deshazor Velasquez 0-0: Called Strike
0-1: Ball
1-1: Fielders Choice at 2nd, 5-4 (Groundball, 56, EV 101.2 MPH)
Bottom of the 4th over - 0 runs, 0 hits, 0 errors, 1 left on base; Reno 1 - Memphis 2
TOP OF THE 5TH
Reno Railers batting - Pitching for Memphis Railcats : RHP Donovan Hicks
Batting: RHB Charlie Wood 0-0: Ball
1-0: Fly out, F8 (Flyball, 8RD, EV 94.4 MPH)
Batting: LHB Jon Dutton 0-0: Ball
1-0: Foul Ball, location: 2F
1-1: Ball
2-1: Fly out, F8 (Flyball, 8LD, EV 89.4 MPH)
Batting: RHB Marcus Ross 0-0: Called Strike
0-1: Ball
1-1: Swinging Strike
1-2: Strikes out swinging, 2-3 out at first.
Top of the 5th over - 0 runs, 0 hits, 0 errors, 0 left on base; Reno 1 - Memphis 2
BOTTOM OF THE 5TH
Memphis Railcats batting - Pitching for Reno Railers : RHP Arthur Helman
Batting: RHB Tai de Bruijn 0-0: Ground out 6-3 (Groundball, 6, EV 83.8 MPH)
Batting: RHB Joey Wilburn 0-0: Swinging Strike
0-1: Swinging Strike
0-2: Ball
1-2: Strikes out swinging
Batting: SHB Darren Lane 0-0: Swinging Strike
0-1: Foul Ball, location: 2F
0-2: Strikes out looking
Bottom of the 5th over - 0 runs, 0 hits, 0 errors, 0 left on base; Reno 1 - Memphis 2
TOP OF THE 6TH
Reno Railers batting - Pitching for Memphis Railcats : RHP Donovan Hicks
Batting: RHB Braedon Pashikian 0-0: Called Strike
0-1: SINGLE (Line Drive, 56, EV 96.9 MPH)
Batting: LHB Waylon Spada 0-0: Called Strike
Braedon Pashikian steals 2nd base (no throw)
0-1: Ball
1-1: Called Strike
1-2: Foul Ball, location: 2F
1-2: Foul Ball, location: 2F
1-2: Ball
2-2: Foul Ball, location: 2F
2-2: Ball
3-2: Foul Ball, location: 2F
3-2: Foul Ball, location: 2F
3-2: Fly out, F7 (Line Drive, 7, EV 92.5 MPH)
Batting: RHB Harry Fischer 0-0: Fly out, F4 (Popup, 23, EV 90.0 MPH)
Batting: RHB Lucas Sampley 0-0: Ball
1-0: Called Strike
1-1: Ball
2-1: Ground out 1-3 (Groundball, 34S, EV 71.9 MPH)
Top of the 6th over - 0 runs, 1 hit, 0 errors, 1 left on base; Reno 1 - Memphis 2
BOTTOM OF THE 6TH
Memphis Railcats batting - Pitching for Reno Railers : RHP Arthur Helman
Batting: RHB Chandler Bowen 0-0: DOUBLE (Line Drive, 78M, EV 94.4 MPH)
Batting: RHB Vinny Wetherington 0-0: Reached on error, E6 (Groundball, 6, EV 84.4 MPH)
Chandler Bowen to third
Batting: RHB Shane Campbell 0-0: Called Strike
0-1: Ball
1-1: Ball
2-1: Swinging Strike
2-2: Ball
3-2: SINGLE (Line Drive, 3D, EV 96.9 MPH)
Chandler Bowen scores
Vinny Wetherington to second
Runner from 2nd tries for 3rd, SAFE, throw by RF made to third
Pitching: LHP Furman Cordero
Batting: RHB Ashby Ellis 0-0: Called Strike
0-1: Ball
1-1: Ball
2-1: Swinging Strike
2-2: Foul Ball, location: 2F
2-2: Fly out, F7 (Flyball, 7LS, EV 85.6 MPH)
Batting: RHB Theodore Ross 0-0: SINGLE (Groundball, 6MD, EV 96.9 MPH)
Vinny Wetherington scores
Shane Campbell to second
Batting: RHB Deshazor Velasquez 0-0: Ball
1-0: Ball
2-0: Ball
3-0: Base on Balls
Shane Campbell to third
Theodore Ross to second
Batting: RHB Tai de Bruijn 0-0: Called Strike
0-1: Ball
1-1: Ball
2-1: Ball
3-1: Grounds into double play, 6-2-3 (Groundball, P, EV 79.4 MPH)
Bottom of the 6th over - 2 runs, 3 hits, 1 error, 2 left on base; Reno 1 - Memphis 4
TOP OF THE 7TH
Reno Railers batting - Pitching for Memphis Railcats : RHP Donovan Hicks
Batting: RHB Sol Djojohadiksumo 0-0: Called Strike
0-1: Called Strike
0-2: Ball
1-2: Foul Ball, location: 2F
1-2: Ball
2-2: Ball
3-2: Base on Balls
Batting: SHB Ke'Ron Nicolescu 0-0: Ball
1-0: Foul Ball, location: 2F
1-1: Foul Ball, location: 2F
1-2: Strikes out swinging
Pitching: RHP Nolan Olinger
Batting: RHB Charlie Wood 0-0: Ball
1-0: Called Strike
1-1: Swinging Strike
1-2: Strikes out swinging
Batting: LHB Jon Dutton 0-0: Called Strike
0-1: Ball
1-1: Called Strike
1-2: Ball
2-2: Ground out U3 (Groundball, 3L, EV 81.2 MPH)
Top of the 7th over - 0 runs, 0 hits, 0 errors, 1 left on base; Reno 1 - Memphis 4
BOTTOM OF THE 7TH
Memphis Railcats batting - Pitching for Reno Railers : LHP Furman Cordero
Batting: RHB Joey Wilburn 0-0: Called Strike
0-1: Ball
1-1: Ball
2-1: Foul Ball, location: 2F
2-2: Fly out, F6 (Popup, 6MS, EV 81.9 MPH)
Batting: SHB Darren Lane 0-0: DOUBLE (Groundball, 3L, EV 107.5 MPH)
Batting: RHB Chandler Bowen 0-0: Ball
1-0: Fly out, F5 (Popup, 56, EV 75.0 MPH)
Batting: RHB Vinny Wetherington 0-0: Ground out 4-3 (Groundball, 4, EV 87.5 MPH)
Bottom of the 7th over - 0 runs, 1 hit, 0 errors, 1 left on base; Reno 1 - Memphis 4
TOP OF THE 8TH
Reno Railers batting - Pitching for Memphis Railcats : RHP Nolan Olinger
Now in LF: Shane Campbell
Now in CF: Garry Akoniia
Batting: RHB Marcus Ross 0-0: Ball
1-0: Foul Ball, location: 2F
1-1: Foul Ball, location: 2F
1-2: Ground out 5-3 (Groundball, 56, EV 85.6 MPH)
Batting: RHB Braedon Pashikian 0-0: Ball
1-0: Ground out 5-3 (Groundball, 5S, EV 83.1 MPH)
Batting: LHB Waylon Spada 0-0: Ball
1-0: Swinging Strike
1-1: Foul Ball, location: 2F
1-2: Fly out, F8 (Flyball, 8LD, EV 95.0 MPH)
Top of the 8th over - 0 runs, 0 hits, 0 errors, 0 left on base; Reno 1 - Memphis 4
BOTTOM OF THE 8TH
Memphis Railcats batting - Pitching for Reno Railers : LHP Furman Cordero
Batting: RHB Shane Campbell 0-0: Called Strike
0-1: Foul Ball, location: 2F
0-2: Strikes out swinging
Batting: RHB Ashby Ellis 0-0: Called Strike
0-1: Foul Ball, location: 2F
0-2: Ball
1-2: Foul Ball, location: 2F
1-2: Ball
2-2: Ball
3-2: Fly out, F8 (Flyball, 8RS, EV 86.9 MPH)
Batting: RHB Theodore Ross 0-0: Foul Ball, location: 2F
0-1: Ball
1-1: Ground out 6-3 (Groundball, 56, EV 105.6 MPH)
Bottom of the 8th over - 0 runs, 0 hits, 0 errors, 0 left on base; Reno 1 - Memphis 4
TOP OF THE 9TH
Reno Railers batting - Pitching for Memphis Railcats : RHP Nolan Olinger
Pitching: RHP Logan Osborne
Batting: RHB Harry Fischer 0-0: Foul Ball, location: 2F
0-1: Ball
1-1: Ground out 4-3 (Groundball, 34, EV 108.8 MPH)
Batting: RHB Lucas Sampley 0-0: Called Strike
0-1: Ball
1-1: Ball
2-1: Ball
3-1: Swinging Strike
3-2: SINGLE (Groundball, 6MD, EV 103.1 MPH)
Batting: RHB Sol Djojohadiksumo 0-0: Ball
1-0: Swinging Strike
1-1: Called Strike
1-2: SINGLE (Groundball, 34D, EV 103.1 MPH)
Lucas Sampley to second
Batting: SHB Ke'Ron Nicolescu 0-0: Ball
1-0: Hit by Pitch
Lucas Sampley to third
Sol Djojohadiksumo to second
Pinch Hitting: LHB Collin Hamilton 0-0: Ball
1-0: Grounds into double play, 4-6-3 (Groundball, 4M, EV 90.6 MPH)
Top of the 9th over - 0 runs, 2 hits, 0 errors, 2 left on base; Reno 1 - Memphis 4
Saturday, May 11th , 2024 - OOTP Baseball 23.10 Build 110